 Dungeon Crawl Stone Soup version 0.15.0-31-geb66e34 (webtiles) character file.

262 Johnny the Ruinous (level 5, 0/41 HPs)
             Began as a Demigod Conjurer on Sept 13, 2014.
             Succumbed to a killer bee's poison
             ... on Level 2 of the Dungeon.
             The game lasted 00:10:46 (3595 turns).

Johnny the Ruinous (Demigod Conjurer)               Turns: 3595, Time: 00:10:47

HP   0/41        AC  3     Str 17      XL: 5   Next: 64%
MP   4/13        EV 18     Int 20      God:
Gold 121         SH  0     Dex 22      Spells:  3 memorised,  3 levels left

rFire  . . .     SeeInvis .     g - +0 spear
rCold  . . .     Clarity  .     h - +0 leather armour
rNeg   . . .     rCorr    .     (no shield)
rPois  .         rRot     .     (no helmet)
rElec  .         Spirit   .     (no cloak)
SustAb .         Warding  .     (no gloves)
rMut   .         Stasis   .     (no boots)
Gourm  +                        o - amulet of the gourmand
MR     .....                    (no ring)
                                (no ring)

@: mighty, agile, lethally poisoned, very slightly contaminated, not resistant
to hostile enchantments, fairly stealthy
A: no striking features
a: no special abilities


You were on level 2 of the Dungeon.
You were completely stuffed.

You visited 1 branch of the dungeon, and saw 3 of its levels.

You collected 121 gold pieces.

Inventory:

Hand weapons
 g - a +0 spear (weapon)
Armour
 h - a +0 leather armour (worn)
Comestibles
 b - a bread ration
 f - a slice of pizza
 m - a beef jerky
Scrolls
 j - a scroll of recharging
 p - a scroll of noise {unknown}
 q - 4 scrolls of remove curse
 r - a scroll of fear {unknown}
 s - 2 scrolls of enchant weapon {unknown}
Jewellery
 o - an amulet of the gourmand (around neck)
Books
 c - a book of Conjurations

   Spells                             Type                      Level
   *Magic Dart                        Conjuration                  1
   *Searing Ray                       Conjuration                  2
   *Dazzling Spray                    Conjuration/Hexes            3
   Fulminant Prism                    Conjuration/Hexes            4
   Iskenderun's Mystic Blast          Conjuration                  4
   Iskenderun's Battlesphere          Conjuration/Charms           5
 t - a book of Ice

   Spells                             Type                      Level
   Metabolic Englaciation             Hexes/Ice                    5
   Ozocubu's Refrigeration            Ice                          6
   Bolt of Cold                       Conjuration/Ice              6
   Freezing Cloud                     Conjuration/Ice/Air          6
   Simulacrum                         Ice/Necromancy               6


   Skills:
 * Level 2.1 Fighting
 + Level 1.6 Armour
 + Level 2.4 Dodging
 + Level 2.5 Stealth
 * Level 2.9 Spellcasting
 * Level 4.4 Conjurations


You had 3 spell levels left.
You knew the following spells:

 Your Spells              Type           Power        Failure   Level  Hunger
a - Magic Dart            Conj           ###.         2%          1    None
b - Searing Ray           Conj           ###...       3%          2    ##.....
c - Dazzling Spray        Conj/Hex       ##......     21%         3    ###....


Dungeon Overview and Level Annotations

Branches:
Dungeon (3/15)


Message History

You aren't carrying any potions.
Read which item? (? for menu, Esc to quit)
Blink to where?
Press: ? - help, Dir - move target cursor, p - killer bee
As you read the scroll labeled STUIFA BECWYMA, it crumbles to dust.
You are very lightly contaminated with residual magic.
It was a scroll of blinking.
* * * LOW HITPOINT WARNING * * *
You feel sick.
* * * LOW HITPOINT WARNING * * *
You feel sick.
You climb upwards.
There is a stone staircase leading down here.
Read which item? (? for menu, Esc to quit)
Okay, then.
Eat which item? (? for menu, Esc to quit)
* * * LOW HITPOINT WARNING * * *
You feel sick.
You continue eating. x2
You die...

#.# #.....## #.
#.# #......###.
#.###..##..##..
#..........#...
########.<##......
#.........###.###.
#.######.[....# #.
#.# #..##### #.
#@# ####..# ##'
#.# #.....# ##..
#.# #.###.# ##...
#.# #.#.#.# ##....
#.###.....###.....
#...........'.....
#####....####.....
#.#.## ##....
#.### ##...


There were no monsters in sight!

Vanquished Creatures
  3 killer bees (D:3)
  A gnoll (D:3)
  6 adders
  2 worms (D:2)
  An ooze (D:1)
  2 orcs (D:3)
  3 giant cockroaches (D:2)
  2 gnoll zombies (D:2)
  6 goblins
  5 hobgoblins
  2 quokkas
  5 bats
  5 giant newts
  6 jackals
  8 kobolds
  3 rats
60 creatures vanquished.

Notes
Turn   | Place    | Note
--------------------------------------------------------------
     0 | D:1      | Johnny, the Demigod Conjurer, began the quest for the Orb.
     0 | D:1      | Reached XP level 1. HP: 14/14 MP: 3/3
   398 | D:1      | Reached skill level 1 in Fighting
   399 | D:1      | Reached XP level 2. HP: 12/23 MP: 0/4
  1392 | D:2      | Reached XP level 3. HP: 10/28 MP: 0/8
  2376 | D:2      | Found a basalt altar of Yredelemnul.
  2446 | D:3      | Reached skill level 1 in Armour
  2461 | D:3      | Found a shattered altar of Ashenzari.
  2466 | D:3      | Reached skill level 4 in Conjurations
  2528 | D:3      | Reached XP level 4. HP: 32/35 MP: 8/10
  2541 | D:3      | Learned a level 2 spell: Searing Ray
  2545 | D:3      | Learned a level 3 spell: Dazzling Spray
  2844 | D:3      | Found an iron altar of Okawaru.
  3204 | D:3      | Reached XP level 5. HP: 33/41 MP: 3/12
  3590 | D:3      | HP: 2/41 [poisoned by a killer bee]
  3595 | D:2      | Succumbed to a killer bee's poison

Action                   |  1- 3 |  4- 6 || total
-------------------------+-------+-------++-------
Melee: Spear             |   156 |    33 ||   189
       Unarmed           |     1 |       ||     1
 Cast: Magic Dart        |    35 |    14 ||    49
       Searing Ray       |       |     8 ||     8
       Dazzling Spray    |       |     4 ||     4
  Use: Scroll            |     4 |     2 ||     6
       Potion            |       |     6 ||     6
 Stab: Sleeping          |     3 |       ||     3
       Invisible         |       |     1 ||     1
  Eat: Chunk             |     4 |    12 ||    16
       Bread ration      |       |     1 ||     1
